 Dungeon Crawl Stone Soup version 0.24.1-14-gf8d2b509d9 (webtiles) character file.

Game seed: 822881567808228243, levelgen mode: deterministic

158 Mrkan the Ruffian (level 5, -2/53 HPs)
             Began as a Troll Monk on May 16, 2020.
             Slain by a bullfrog (4 damage)
             ... on level 6 of the Dungeon.
             The game lasted 00:01:49 (1322 turns).

Mrkan the Ruffian (Troll Monk)                      Turns: 1322, Time: 00:01:49

Health: -2/53      AC:  6    Str: 19    XL:     5   Next: 16%
Magic:  4/4        EV: 10    Int:  7    God:
Gold:   47         SH:  0    Dex: 12    Spells: 4/4 levels left

rFire    . . .     SeeInvis .     - Unarmed
rCold    . . .     Gourm    +   (no shield)
rNeg     . . .     Faith    .   a - +0 robe
rPois    .         Spirit   .   (helmet restricted)
rElec    .         Reflect  .   (no cloak)
rCorr    .         Harm     .   (gloves unavailable)
MR       .....                  (boots unavailable)
Stlth    ++........             (no amulet)
HPRegen  0.57/turn              (no ring)
MPRegen  0.09/turn              (no ring)

@: no status effects
A: large, unfitting armour, claws 3, fast metabolism 3, gourmand, regeneration
1, shaggy fur 1, tough skin 3
a: no special abilities


You were on level 6 of the Dungeon.
You were not hungry.

You visited 1 branch of the dungeon, and saw 4 of its levels.

You collected 47 gold pieces.

Inventory:

Armour
 a - a +0 robe (worn)
Jewellery
 e - an uncursed ring of protection from fire {unknown}
 k - an uncursed amulet of regeneration {unknown}
Scrolls
 c - 2 scrolls of enchant armour {unknown}
 f - 2 scrolls of identify {unknown}
 g - 3 scrolls of fear {unknown}
 h - 2 scrolls of remove curse {unknown}
 j - a scroll of enchant weapon {unknown}
Potions
 d - a potion of flight {unknown}
 i - a potion of agility {unknown}
 l - a potion of invisibility {unknown}
Comestibles
 b - 4 rations


   Skills:
 + Level 3.4 Fighting
 - Level 2.4 Dodging
 - Level 1.0 Stealth
 * Level 5.1 Unarmed Combat


You had 4 spell levels left.
You didn't know any spells.
Your spell library was empty.

Dungeon Overview and Level Annotations

Branches:
Dungeon (3/15)

Altars:
Sif Muna


Innate Abilities, Weirdness & Mutations

You are too large for most types of armour.
You have claws for hands.
Your metabolism is lightning-fast.
You like to eat raw meat.
Your natural rate of healing is unusually fast.
You are covered in fur. (AC +1)
You have extremely tough skin. (AC +3)


Message History

The orc priest complains repeatedly.
The gnoll hits you but does no damage. The gnoll sergeant closely misses you.
The gnoll closely misses you.
The bullfrog swells and bulges.
The bullfrog completely misses you.
The gnoll hits you from afar with a +0 spear.
* * * LOW HITPOINT WARNING * * *
The orc priest looks encouraged for a moment.
The bullfrog barely misses you.
You open the door. The gnoll barely misses you. The bullfrog barely misses you.
There is an open door here.
The bullfrog hits you.
* * * LOW HITPOINT WARNING * * *
The bullfrog hits you but does no damage.
The bullfrog barely misses you. The bullfrog hits you.
* * * LOW HITPOINT WARNING * * *
You scratch the bullfrog.
The bullfrog is lightly wounded.
The bullfrog hits you.
You die...

# .# ##### ###.#
.....# ....#
......# ....#
.......####....#.#
.......ogF@.......
#####..######.#.#
#####'#####
#....g....#
#...gg.o..#
#.!..gg...#
#.........#
#.........#
#...?.....#


You could see an orc warrior, a bullfrog and a gnoll.

Vanquished Creatures
  A phantom (D:2)
  A hound (D:2)
  2 worms (D:2)
  A dart slug (D:1)
  A leopard gecko (D:2)
  A giant cockroach (D:1)
  2 goblins
  6 hobgoblins
  A kobold (D:2)
  A quokka (D:2)
  3 bats
  2 frilled lizards
  7 rats
  3 plants (D:1)
32 creatures vanquished.

Notes
Turn   | Place    | Note
-------+----------+-------------------------------------------
     0 | D:1      | Mrkan the Troll Monk began the quest for the Orb.
     0 | D:1      | Reached XP level 1. HP: 22/22 MP: 0/0
   148 | D:1      | Reached XP level 2. HP: 29/29 MP: 1/1
   557 | D:2      | Reached skill level 4 in Unarmed Combat
   557 | D:2      | Reached XP level 3. HP: 34/36 MP: 2/2
   993 | D:2      | Found a shimmering blue altar of Sif Muna.
  1109 | D:2      | Noticed a phantom
  1144 | D:2      | Killed a phantom
  1144 | D:2      | Reached skill level 5 in Unarmed Combat
  1144 | D:2      | Reached XP level 4. HP: 33/45 MP: 3/3
  1144 | D:2      | Reached XP level 5. HP: 39/53 MP: 4/4
  1302 | D:3      | You fall into a shaft and drop 3 floors!
  1308 | D:6      | Noticed an orc warrior
  1321 | D:6      | HP: 1/53 [bullfrog (4)]
  1322 | D:6      | Slain by a bullfrog

Levels and vault maps discovered:
D:1:      roderic_crop_circles_arrival_small, layout_basic
D:2:      layout_basic, marbit_many_paths
D:3:      cheibrodos_pilgrimage, layout_loops_ring,
          lemuel_zombie_altar_yredelemnul, grunt_gozag_statues
D:6:      layout_basic, nicolae_overflow_crystal_walls, basic_altar,
          uniq_sigmund

Skill      XL: |  1  2  3 |
---------------+----------+-----
Unarmed Combat | 4 5 |  5.1
Fighting       | 3 |  3.4
Dodging        | |  2.4
Stealth        | |  1.0

Action                   |  1- 3 |  4- 6 || total
-------------------------+-------+-------++-------
Melee: Unarmed           |   113 |    10 ||   123
       Punch             |     2 |       ||     2
 Stab: Sleeping          |     2 |       ||     2
  Eat: Chunk             |    10 |     2 ||    12
Armor: Robe              |    24 |     8 ||    32
Dodge: Dodged            |    25 |    14 ||    39
